 Dungeon Crawl Stone Soup version 0.21.2 (webtiles) character file.

23 tidbits the Magician (level 2, -1/20 HPs)
             Began as a Gnoll Wanderer on Sept 19, 2018.
             Hit by a stone thrown by a kobold (3 damage)
             ... on level 2 of the Dungeon.
             The game lasted 00:02:52 (210 turns).

tidbits the Magician (Gnoll Wanderer)                Turns: 210, Time: 00:02:53

Health: -1/20      AC:  2    Str: 11    XL:     2   Next: 95%
Magic:  4/7        EV: 11    Int: 17    God:
Gold:   30         SH:  0    Dex: 19    Spells: 5/10 levels left

rFire    . . .     SeeInvis .   a - +1 dagger
rCold    . . .     Gourm    .   (no shield)
rNeg     . . .     Faith    .   d - +0 robe
rPois    .         Spirit   .   (no helmet)
rElec    .         Reflect  .   (no cloak)
rCorr    .         Harm     .   (no gloves)
MR       .....                  (no boots)
Stlth    ++........             (no amulet)
HPRegen  0.06/turn              m - +3 ring of dexterity
MPRegen  0.10/turn              (no ring)

@: very slightly contaminated
A: distributed training, claws 1, fangs 1, clever 1, strong nose
a: no special abilities


You were on level 2 of the Dungeon.
You were not hungry.

You visited 1 branch of the dungeon, and saw 3 of its levels.

You collected 30 gold pieces.

Inventory:

Hand Weapons
 a - a +1 dagger (weapon)
Missiles
 n - 5 stones (quivered)
Armour
 d - a +0 robe (worn)
Jewellery
 h - an uncursed ring of teleportation
   (You found it on level 2 of the Dungeon)
 m - a +3 ring of dexterity (left claw)
   (You found it on level 1 of the Dungeon)
Scrolls
 g - a scroll of fear {unknown}
 j - a scroll of identify {unknown}
Potions
 c - a potion of lignification
 i - a potion of curing {unknown}
 k - a potion of berserk rage {unknown}
Books
 b - the Papyrus of Clay

   Spells                             Type                      Level
   a - Sandblast                      Earth                        1
   b - Stone Arrow                    Conjuration/Earth            3
 e - a book of Spatial Translocations

   Spells                             Type                      Level
   a - Blink                          Translocation                2
   b - Shroud of Golubria             Charms/Translocation         2
   c - Lesser Beckoning               Translocation                3
   d - Gell's Gravitas                Translocation                3
   e - Teleport Other                 Translocation                3
   f - Passage of Golubria            Translocation                4
Comestibles
 f - 3 rations


   Skills:
 + Level 0.5 Fighting
 + Level 0.5 Short Blades
 + Level 0.5 Long Blades
 + Level 0.5 Axes
 + Level 0.5 Maces & Flails
 + Level 0.5 Polearms
 + Level 0.5 Staves
 + Level 0.5 Slings
 + Level 0.5 Bows
 + Level 0.5 Crossbows
 + Level 0.5 Throwing
 + Level 0.5 Armour
 + Level 0.5 Dodging
 + Level 2.3 Stealth
 + Level 2.5 Shields
 + Level 0.5 Unarmed Combat
 + Level 4.9 Spellcasting
 + Level 3.7 Conjurations
 + Level 0.4 Hexes
 + Level 0.4 Charms
 + Level 0.4 Summonings
 + Level 0.4 Necromancy
 + Level 3.7 Translocations
 + Level 0.4 Transmutations
 + Level 0.4 Fire Magic
 + Level 0.4 Ice Magic
 + Level 3.7 Air Magic
 + Level 0.4 Earth Magic
 + Level 0.4 Poison Magic
 + Level 0.7 Invocations
 + Level 0.5 Evocations


You had 5 spell levels left.
You knew the following spells:

 Your Spells              Type           Power        Failure   Level  Hunger
a - Sandblast             Erth           #.....       12%         1    None
b - Blink                 Tloc           N/A          4%          2    #......
g - Shroud of Golubria    Chrm/Tloc      ##........   9%          2    #......


Dungeon Overview and Level Annotations

Branches:
Dungeon (3/15)

Altars:
Wu Jian


Innate Abilities, Weirdness & Mutations

Your experience applies equally to all skills.
You have very sharp teeth.
Your uncanny sense of smell can sniff out nearby items.
You have sharp fingernails.
Your mind is acute. (Int +2)


Message History

Adjust which item? (? for menu, Esc to quit)
e - a +1 dagger (weapon)
Adjust to which letter? (? for menu, Esc to quit)
a - a +1 dagger (weapon);
e - a book of Spatial Translocations Blink to where?
Press: ? - help, Dir - move target cursor You are very lightly contaminated with residual magic.
As you read the scroll labeled MIUMIH JIEVOOFYO, it crumbles to dust.
It was a scroll of blinking.
A leopard gecko comes into view.
The leopard gecko hisses angrily.
Your surroundings suddenly seem different.
As you read the scroll labeled EKOMYFALYTS, it crumbles to dust.
You feel as if something is helping you.
It was a scroll of remove curse.
Remove which piece of jewellery? (? for menu, Esc to quit)
You remove your ring of teleportation.
You open the door.
Found a ration.
Found a stone staircase leading down.
Found a stone staircase leading up.
There is an open door here.
You see here a ration.
f - 3 rations (gained 1)
You open the door.
A bat comes into view.
There is an open door here.
Casting: Sandblast
Confirm with . or Enter, or press ? or * to list all spells.
You can't see any susceptible monsters within range! (Use Z to cast anyway.)
The bat barely misses you.
Casting: Sandblast
Confirm with . or Enter, or press ? or * to list all spells.
Aiming: Sandblast
Press: ? - help, Shift-Dir - straight line, f - bat
Aim: a bat The blast of sand hits the bat.
The bat is moderately wounded.
n - 8 stones The bat hits you.
* * * LOW HITPOINT WARNING * * *
Casting: Sandblast
Confirm with . or Enter, or press ? or * to list all spells.
Aiming: Sandblast
Press: ? - help, Shift-Dir - straight line, f/p - bat
Aim: a bat (moderately wounded)
The blast of sand hits the bat.
You kill the bat!
n - 7 stones
Found a scroll labeled MOMEIB KYJENAE.
You see here a scroll labeled MOMEIB KYJENAE.
g - a scroll labeled MOMEIB KYJENAE Your magical contamination has completely faded away.
There is an open door here.
There is a stone staircase leading up here.
You climb upwards.
Found a short sword.
There is a stone staircase leading down here.
Unknown command.
A frilled lizard and a hobgoblin come into view.
Found a fizzy white potion.
The hobgoblin shouts!
As you open the door, it creaks loudly!
You hear an angry hiss.
You hear a shout!
Found a mace.
Casting: Sandblast
Confirm with . or Enter, or press ? or * to list all spells.
Aiming: Sandblast
Press: ? - help, Shift-Dir - straight line, f - hobgoblin
Aim: a hobgoblin The blast of sand misses the frilled lizard.
The blast of sand hits the hobgoblin.
You kill the hobgoblin!
n - 6 stones You hit the frilled lizard but do no damage.
The frilled lizard bites you.
* * * LOW HITPOINT WARNING * * *
You hit the frilled lizard but do no damage.
The frilled lizard bites you.
* * * LOW HITPOINT WARNING * * *
Casting: Sandblast
Confirm with . or Enter, or press ? or * to list all spells.
Aiming: Sandblast
Press: ? - help, Shift-Dir - straight line, f - frilled lizard
Aim: a frilled lizard You miscast Sandblast.
You are very lightly contaminated with residual magic.
Nothing appears to happen.
The frilled lizard bites you.
* * * LOW HITPOINT WARNING * * *
A kobold comes into view. It is wielding a dagger.
Casting: Sandblast
Confirm with . or Enter, or press ? or * to list all spells.
Aiming: Sandblast
Press: ? - help, Shift-Dir - straight line, f/p - frilled lizard
Aim: a frilled lizard The blast of sand hits the frilled lizard.
You kill the frilled lizard!
n - 5 stones The kobold throws a stone.
The stone hits you.
You die...

###### #.....#
###)....# #.......#
###.#.....# .........#
#......!#
#..#+#'##########
#>....†.†@....)..
#......................
#.#####.##K#.##########
#.##.#.# #'##.#.#
.....#.# .....#.#
.....#.#


You could see a kobold.

Vanquished Creatures
  An adder (D:2)
  A dart slug (D:2)
  A ball python (D:2)
  A goblin (D:2)
  A hobgoblin (D:2)
  3 bats
  A frilled lizard (D:2)
  2 kobolds (D:2)
  2 rats
13 creatures vanquished.

Notes
Turn   | Place    | Note
-------+----------+-------------------------------------------
     0 | D:1      | tidbits the Gnoll Wanderer began the quest for the Orb.
     0 | D:1      | tidbits set off with: a book of Spatial Translocations, the Papyrus of Clay, a potion of lignification, a +0 robe, a +0 dagger, a ration
     0 | D:1      | Reached XP level 1. HP: 13/13 MP: 6/6
     0 | D:1      | Identified the Papyrus of Clay
    56 | D:1      | Learned a level 1 spell: Sandblast
    79 | D:2      | Reached XP level 2. HP: 19/19 MP: 4/7
    83 | D:2      | Learned a level 2 spell: Shroud of Golubria
    86 | D:2      | Learned a level 2 spell: Blink
   104 | D:2      | Found an ornate altar of the Wu Jian Council.
   130 | D:2      | Gained mutation: You have sharp fingernails. [potion of mutation]
   130 | D:2      | Gained mutation: Your mind is acute. (Int +2) [potion of mutation]
   209 | D:2      | HP: 2/20 [frilled lizard (2)]
   210 | D:2      | Hit by a stone thrown by a kobold

Action                   || total
-------------------------++-------
Melee: Dagger            ||     7
       Bite              ||     1
 Cast: Sandblast         ||    14
  Use: Scroll            ||     5
       Potion            ||     1
 Stab: Sleeping          ||     5
Armor: Robe              ||     1
Dodge: Dodged            ||     6

Table legend:
 A = Turns spent in this place as a percentage of turns spent in the entire game.
 B = Non-inter-level travel turns spent in this place as a percentage of non-inter-level travel turns spent in the entire game.
 C = Inter-level travel turns spent in this place as a percentage of turns spent in this place.
 D = Turns resting spent in this place as a percentage of non-inter-level travel turns spent in this place.
 E = Turns spent auto-exploring this place as a percentage of non-inter-level travel turns spent in this place.
 F = Non-inter-level travel turns spent in this place divided by the number of levels of this place that you've seen.
                   A       B       C       D       E      F
               +-------+-------+-------+-------+-------+----------------------
         Total | 100.0 | 100.0 |   0.0 |   0.0 |   0.0 |  70.0
       Dungeon | 100.0 | 100.0 |   0.0 |   0.0 |   0.0 |  70.0
               +-------+-------+-------+-------+-------+----------------------

Table legend:
 A = Kills in this place as a percentage of kills in entire the game.
 B = Kills by you in this place as a percentage of kills by you in the entire game.
 C = Kills by friends in this place as a percentage of kills by friends in the entire game.
 D = Other kills in this place as a percentage of other kills in the entire game.
 E = Experience gained in this place as a percentage of experience gained in the entire game.
 F = Experience gained in this place divided by the number of levels of this place that you have seen.
                   A       B       C       D       E      F
               +-------+-------+-------+-------+-------+----------------------
         Total | 100.0 | 100.0 |   N/A |   N/A | 100.0 |  11.0
       Dungeon | 100.0 | 100.0 |   N/A |   N/A | 100.0 |  11.0
               +-------+-------+-------+-------+-------+----------------------

Vault maps used:
D:1:      dpeg_arrival_simpleton_c
D:2:      overflow_temple_1_default, first_ration
D:3:      uniq_ijyb
